 Dungeon Crawl Stone Soup version 0.20.0-15-g7f486f2 (webtiles) character file.

14846 pib the Destroyer (level 11, -3/64 HPs)
             Began as a Deep Elf Conjurer on June 20, 2017.
             Was an Elder of Vehumet.
             Slain by an eight-headed hydra (12 damage)
             ... on level 1 of the Lair of Beasts on June 22, 2017.
             The game lasted 01:21:38 (17274 turns).

pib the Destroyer (Deep Elf Conjurer)              Turns: 17274, Time: 01:21:39

Health: -3/64      AC:  7    Str:  5    XL:     11   Next: 94%
Magic:  18/36      EV: 19    Int: 24    God:    Vehumet [****..]
Gold:   340        SH:  0    Dex: 15    Spells: 10/31 levels left

rFire    + . .     SeeInvis +   K - +6 flail "Xulea" {crush, rN+}
rCold    . . .     Gourm    +   (no shield)
rNeg     + . .     Faith    .   H - +2 robe of the Hippo {MR+ SInv}
rPois    .         Spirit   .   m - +0 helmet
rElec    .         Reflect  .   F - +0 cloak
rCorr    .         Harm     .   (no gloves)
MR       ++...                  I - +0 pair of boots
Stlth    +++.......             a - amulet of the gourmand
Regen    0.2/turn               e - ring of magical power
MPRegen  0.3/turn               N - ring of protection from fire

@: no status effects
A: no striking features
a: Renounce Religion


You were on level 1 of the Lair of Beasts.
You worshipped Vehumet.
Vehumet was greatly pleased with you.
You were full.

You visited 3 branches of the dungeon, and saw 13 of its levels.
You also visited: Ossuary.

You collected 476 gold pieces.
You spent 136 gold pieces at shops.

Inventory:

Hand Weapons
 l - a +3 dagger of venom
 K - the +6 flail "Xulea" (weapon) {crush, rN+}
   (You found it on level 7 of the Dungeon)

   It inflicts extra damage upon your enemies.
   It protects you from negative energy.
 R - a cursed -3 hunting sling
 Y - a +0 hunting sling of freezing
Missiles
 f - 61 poisoned needles
 o - 431 stones (quivered)
Armour
 m - a +0 helmet (worn)
 F - a +0 cloak (worn)
 H - the +2 robe of the Hippo (worn) {MR+ SInv}
   (You bought it in a shop on level 7 of the Dungeon)

   It affects your resistance to hostile enchantments.
   It lets you see invisible.
 I - a +0 pair of boots (worn)
Jewellery
 a - an amulet of the gourmand (around neck)
 d - an uncursed ring of see invisible
 e - a ring of magical power (left hand)
 C - a +4 ring of strength
 E - an uncursed ring of protection from cold
 N - a ring of protection from fire (right hand)
 W - a +2 ring of intelligence
Wands
 t - a wand of paralysis (12/24)
 z - a wand of iceblast (3/15)
 B - a wand of confusion (27/48)
 J - a wand of disintegration (9/24)
 Q - a wand of confusion (27/48)
 T - a wand of acid (8/15)
 U - a wand of digging (0/24)
 X - a wand of lightning (8/15)
Scrolls
 c - a scroll of noise {unknown}
 g - 4 scrolls of remove curse
 k - 6 scrolls of enchant weapon
 n - 3 scrolls of identify
 p - 4 scrolls of recharging
 q - 3 scrolls of magic mapping
 v - 2 scrolls of fog
 y - 5 scrolls of amnesia
 G - 2 scrolls of random uselessness {unknown}
 M - 2 scrolls of vulnerability {unknown}
 P - a scroll of holy word {unknown}
 S - a scroll of blinking
Potions
 h - 3 potions of invisibility {unknown}
 i - 2 potions of mutation
 r - a potion of heal wounds
 s - a potion of brilliance {unknown}
 u - 2 potions of cancellation
 D - 2 potions of flight {unknown}
 O - 2 potions of might {unknown}
Books
 b - a book of Conjurations

   Spells                             Type                      Level
   a - Magic Dart                     Conjuration                  1
   b - Searing Ray                    Conjuration                  2
   c - Dazzling Spray                 Conjuration/Hexes            3
   d - Fulminant Prism                Conjuration/Hexes            4
   e - Force Lance                    Conjuration/Translocation    4
   f - Iskenderun's Mystic Blast      Conjuration                  4
 w - Yjukk's Disquisition on Curses
   (You found it on level 5 of the Dungeon)

   Spells                             Type                      Level
   a - Summon Guardian Golem          Hexes/Summoning              3
   b - Confuse                        Hexes                        3
   c - Spectral Weapon                Hexes/Charms                 3
   d - Fulminant Prism                Conjuration/Hexes            4
   e - Yara's Violent Unravelling     Hexes/Transmutation          5
 A - a book of Flames

   Spells                             Type                      Level
   a - Flame Tongue                   Conjuration/Fire             1
   b - Throw Flame                    Conjuration/Fire             2
   c - Conjure Flame                  Conjuration/Fire             3
   d - Inner Flame                    Hexes/Fire                   3
   e - Sticky Flame                   Conjuration/Fire             4
   f - Fireball                       Conjuration/Fire             5
 V - a book of Misfortune

   Spells                             Type                      Level
   a - Confusing Touch                Hexes                        1
   b - Confuse                        Hexes                        3
   c - Gell's Gravitas                Translocation                3
   d - Petrify                        Transmutation/Earth          4
   e - Metabolic Englaciation         Hexes/Ice                    5
   f - Yara's Violent Unravelling     Hexes/Transmutation          5
Comestibles
 j - 4 meat rations
 x - 8 royal jellies
 L - 4 fruits


   Skills:
 + Level 6.2 Fighting
 - Level 10.1 Dodging
 + Level 6.9 Stealth
 + Level 10.6 Spellcasting
 - Level 12.2 Conjurations
 - Level 4.8 Hexes
 - Level 6.1 Fire Magic
 - Level 3.2 Evocations


You had 10 spell levels left.
You knew the following spells:

 Your Spells              Type           Power        Failure   Level  Hunger
a - Magic Dart            Conj           ####         1%          1    None
b - Searing Ray           Conj           ######       1%          2    None
c - Dazzling Spray        Conj/Hex       ######       1%          3    None
d - Fulminant Prism       Conj/Hex       ######....   1%          4    None
e - Conjure Flame         Conj/Fire      ######..     1%          3    None
f - Confuse               Hex            #####...     1%          3    None
g - Fireball              Conj/Fire      ######....   1%          5    ####...


Dungeon Overview and Level Annotations

Branches:
Dungeon (11/15)            Temple (1/1) D:4            Lair (1/6) D:9
    Orc: D:9-12

Altars:
Ashenzari
Cheibriados
Dithmenos
Elyvilon
Fedhas
Gozag
Hepliaklqana
Nemelex Xobeh
Okawaru
Qazlal
Ru
Sif Muna
Trog
Uskayaw
Vehumet
Xom
Yredelemnul
Zin
The Shining One

Shops:
D:5 %   D:7 [[

Annotations:
D:10 2 runed doors


Message History

Aiming: Fireball
Press: ? - help, Shift-Dir - straight line The fireball explodes!
The fireball engulfs the eight-headed hydra.
The eight-headed hydra is almost dead.
The eight-headed hydra misses you.
The eight-headed hydra barely misses you.
The eight-headed hydra bites you! The eight-headed hydra misses you.
The eight-headed hydra bites you. The eight-headed hydra bites you! x2
The eight-headed hydra bites you but does no damage.
The eight-headed hydra bites you. The eight-headed hydra bites you!
* * * LOW HITPOINT WARNING * * *
The eight-headed hydra bites you!
* * * LOW HITPOINT WARNING * * *
The eight-headed hydra barely misses you.
The eight-headed hydra closely misses you.
The eight-headed hydra misses you.
The eight-headed hydra barely misses you.
The eight-headed hydra bites you!
You die...

##...#....'..♣♣.♣♣. ♣♣ ♣...
##...#....'....♣♣.♣ ♣. ♣♣..
#P...#+####♣....♣.♣# .♣ ♣..
##...# ♣..♣♣...# P♣ ♣.. ##...#
♣.♣♣.♣♣.# P♣♣ ♣♣. ##...#
♣..♣..♣♣# ###P###♣.
##...######♣♣..♣♣.♣ ♣♣#♣#8#P#8#♣.
#...##F..# ♣♣.D♣♣♣##..........♣.
##...##...# ♣♣.@..'.............
.....##..*# ##...##............
.....##t..# ♣♣....'.............
.....####'# ♣♣..)..##..........♣.
.#...#..F.#♣♣..♣...#P♣#♣#8#♣#8#P.
##...#.##+#♣..♣.♣..#. ### ###..
#...#.# ♣.♣♣♣.♣♣#♣ ♣... #...#.#
♣.♣..♣♣.# ♣...
#...#+####♣.♣....♣# ♣...


You could see an eight-headed hydra.

Vanquished Creatures
  Erolcha (D:9)
  A hydra (Lair:1)
  2 two-headed ogres
  An unseen horror (D:10)
  The ghost of yogakurto the Ruffian, a novice CeTm of Vehumet (D:6)
  Joseph (D:9)
  Psyche (D:9)
  4 spiny frogs (Lair:1)
  A troll (D:7)
  4 blink frogs (Lair:1)
  A hippogriff (Lair:1)
  A yak (D:9)
  A wraith (D:10)
  A basilisk (Lair:1)
  4 hogs (D:7)
  A human (D:7)
  A hungry ghost (D:11)
  2 water moccasins (Lair:1)
  5 porcupines
  3 sky beasts
  5 orc warriors
  An ice beast (D:8)
  4 phantoms
  6 ogres
  3 crocodiles (Lair:1)
  4 centaurs
  8 bullfrogs
  A gnoll sergeant (D:11)
  4 scorpions
  22 killer bees
  9 wights
  5 crimson imps
  3 bullfrog zombies
  6 howler monkeys
  A centaur zombie (Ossuary)
  8 hounds
  4 jellies
  4 orc priests
  A centaur skeleton (D:9)
  10 orc wizards
  3 iguanas
  12 worker ants
  3 mummies
  A hound zombie (D:10)
  3 hound skeletons
  2 worker ant zombies
  12 adders
  8 gnolls
  2 howler monkey skeletons
  A shadow imp (D:5)
  An adder skeleton (D:4)
  3 worms
  3 dart slugs
  7 leopard geckos
  41 orcs
  10 bats
  4 giant cockroaches
  5 goblins
  7 hobgoblins
  15 jackals
  2 quokkas
  4 ball pythons
  6 frilled lizards
  A goblin zombie (D:7)
  4 kobolds
  A kobold zombie (D:7)
  A leopard gecko skeleton (D:6)
  2 quokka skeletons
  8 rats
318 creatures vanquished.

Vanquished Creatures (others)
  51 fulminant prisms
  4 fungi
  3 plants (D:9)
  A withered plant (Ossuary)
59 creatures vanquished.

Grand Total: 377 creatures vanquished

Notes
Turn   | Place    | Note
-------+----------+-------------------------------------------
     0 | D:1      | pib the Deep Elf Conjurer began the quest for the Orb.
     0 | D:1      | Reached XP level 1. HP: 10/10 MP: 6/6
   325 | D:1      | Reached XP level 2. HP: 15/15 MP: 6/8
   666 | D:1      | Learned a level 2 spell: Searing Ray
  1533 | D:1      | Reached XP level 3. HP: 19/19 MP: 0/9
  1639 | D:1      | Reached skill level 5 in Conjurations
  2045 | D:2      | Reached XP level 4. HP: 24/24 MP: 8/11
  2336 | D:2      | Learned a level 3 spell: Dazzling Spray
  2341 | D:2      | Learned a level 4 spell: Fulminant Prism
  2497 | D:2      | Found a faded altar of an unknown god.
  2685 | D:2      | Found a snail-covered altar of Cheibriados.
  2819 | D:2      | Reached skill level 1 in Hexes
  3254 | D:3      | Reached XP level 5. HP: 26/28 MP: 3/13
  4082 | D:4      | Noticed an ogre
  4091 | D:4      | Killed an ogre
  4091 | D:4      | Reached skill level 6 in Conjurations
  4202 | D:4      | Found a staircase to the Ecumenical Temple.
  4214 | D:4      | Reached skill level 5 in Spellcasting
  4214 | D:4      | Reached XP level 6. HP: 18/32 MP: 14/15
  4425 | Temple   | Entered the Ecumenical Temple
  4501 | Temple   | Became a worshipper of Vehumet
  5483 | D:4      | Reached skill level 5 in Dodging
  5483 | D:4      | Reached XP level 7. HP: 35/36 MP: 12/17
  5860 | D:5      | Entered Level 5 of the Dungeon
  5916 | D:5      | Found Botukyops's Food Shoppe.
  5921 | D:5      | Identified Yjukk's Disquisition on Curses
  5942 | D:5      | Reached skill level 7 in Conjurations
  6136 | D:5      | Reached * piety under Vehumet
  6136 | D:5      | Offered knowledge of Sandblast by Vehumet.
  6395 | D:5      | Reached XP level 8. HP: 41/41 MP: 19/19
  6398 | D:5      | Reached skill level 8 in Conjurations
  6580 | D:5      | Learned a level 3 spell: Conjure Flame
  6584 | D:5      | Learned a level 3 spell: Confuse
  6953 | D:5      | Found a shimmering altar of Xom.
  7048 | D:6      | Reached skill level 1 in Fire Magic
  7291 | D:6      | Noticed yogakurto's ghost (novice CeTm)
  7316 | D:6      | Killed yogakurto's ghost
  7316 | D:6      | Reached skill level 9 in Conjurations
  7346 | D:6      | HP: 2/41 [poisoned by yogakurto's ghost]
  7354 | D:6      | HP: 1/41 [poisoned by yogakurto's ghost]
  7552 | D:6      | Reached XP level 9. HP: 12/46 MP: 10/22
  7554 | D:6      | Offered knowledge of Throw Frost by Vehumet.
  7844 | D:6      | Reached skill level 1 in Fighting
  7973 | D:6      | Learned a level 5 spell: Fireball
  8272 | D:6      | Reached ** piety under Vehumet
  8299 | D:6      | Found a shattered altar of Ashenzari.
  8328 | D:6      | Found an opulent altar of Gozag.
  8451 | D:7      | Found Fatzosk's Antique Armour Shop.
  8467 | D:7      | Bought a creamy pearl robe for 136 gold pieces
  8477 | D:7      | Identified the +2 robe of the Hippo {MR+ SInv} (You bought it in a shop on level 7 of the Dungeon)
  8595 | D:7      | Found an iron altar of Okawaru.
  8637 | D:7      | Got a jewelled flail
  8652 | D:7      | Identified the +6 flail "Xulea" {crush, rN+} (You found it on level 7 of the Dungeon)
  8798 | D:7      | Found a sand-covered staircase.
  8853 | Ossuary  | Entered an ossuary
  9175 | D:7      | Noticed a troll
  9210 | D:7      | Killed a troll
  9210 | D:7      | Reached skill level 10 in Conjurations
  9385 | D:7      | Found Duogg's Armour Emporium.
  9561 | D:8      | Offered knowledge of Static Discharge by Vehumet.
  9681 | D:8      | Reached *** piety under Vehumet
 10127 | D:7      | Offered knowledge of Throw Icicle by Vehumet.
 10127 | D:7      | Reached XP level 10. HP: 43/56 MP: 16/25
 10509 | D:7      | Reached skill level 5 in Fire Magic
 10660 | D:8      | Reached skill level 11 in Conjurations
 11072 | D:8      | Reached **** piety under Vehumet
 11201 | D:9      | Noticed Joseph
 11203 | D:9      | Noticed a two-headed ogre
 11204 | D:9      | Offered knowledge of Mephitic Cloud by Vehumet.
 11207 | D:9      | Killed Joseph
 11609 | D:9      | Killed a two-headed ogre
 11611 | D:9      | Noticed Erolcha
 11779 | D:9      | Noticed Psyche
 11784 | D:9      | Killed Psyche
 12225 | D:9      | Killed Erolcha
 12225 | D:9      | Reached skill level 12 in Conjurations
 12225 | D:9      | Reached XP level 11. HP: 62/62 MP: 18/26
 12914 | D:9      | Found a staircase to the Lair.
 13229 | Lair:1   | Entered Level 1 of the Lair of Beasts
 13468 | D:10     | Entered Level 10 of the Dungeon
 13785 | D:10     | Reached skill level 1 in Evocations
 14256 | D:10     | Noticed a two-headed ogre
 14275 | D:10     | Killed a two-headed ogre
 14429 | D:10     | Noticed an unseen horror
 14436 | D:10     | Killed an unseen horror
 14436 | D:10     | Reached skill level 5 in Fighting
 14519 | D:10     | Noticed an ice dragon
 14542 | D:10     | Noticed a fire dragon
 14543 | D:10     | Noticed an ice dragon
 14544 | D:10     | Found a runed door.
 14551 | D:10     | Noticed a fire dragon
 14561 | D:10     | Found a runed door.
 15062 | D:11     | Reached skill level 10 in Dodging
 15439 | D:11     | Noticed a six-headed hydra
 15769 | D:10     | Reached ***** piety under Vehumet
 15905 | Lair:1   | Reached skill level 5 in Stealth
 16020 | Lair:1   | Offered knowledge of Irradiate by Vehumet.
 16169 | Lair:1   | Reached skill level 10 in Spellcasting
 16565 | Lair:1   | Noticed an eight-headed hydra
 16568 | Lair:1   | Killed an eight-headed hydra
 17263 | Lair:1   | Noticed an eight-headed hydra
 17274 | Lair:1   | Slain by an eight-headed hydra

Skill      XL: |  1  2  3  4  5  6  7  8  9 10 11 |
---------------+----------------------------------+-----
Dodging        | 3 4 5 7 9 10 | 10.1
Conjurations   | 5 6 7 9 10 12 | 12.2
Spellcasting   | 4 5 6 7 9 10 | 10.6
Hexes          | 1 2 3 4 |  4.8
Fire Magic     | 2 4 6 |  6.1
Fighting       | 3 4 6 |  6.2
Stealth        | 4 6 |  6.9
Evocations     | 3 |  3.2

Action                   |  1- 3 |  4- 6 |  7- 9 | 10-12 || total
-------------------------+-------+-------+-------+-------++-------
Melee: Dagger            |     3 |     2 |     1 |       ||     6
       Flail             |       |       |     5 |     7 ||    12
 Cast: Magic Dart        |    75 |   141 |   179 |   234 ||   629
       Dazzling Spray    |       |    13 |    41 |   153 ||   207
       Searing Ray       |       |     3 |    23 |    30 ||    56
       Fulminant Prism   |       |       |    27 |    24 ||    51
       Conjure Flame     |       |       |    12 |    14 ||    26
       Confuse           |       |       |     2 |    28 ||    30
       Fireball          |       |       |     1 |    23 ||    24
Evoke: Wand              |       |       |       |     2 ||     2
  Use: Scroll            |     2 |    12 |     8 |     3 ||    25
       Potion            |       |       |     1 |     1 ||     2
  Eat: Chunk             |     3 |    11 |     9 |    16 ||    39
       Bread ration      |       |       |     2 |     3 ||     5
Armor: Robe              |     7 |     3 |     7 |    11 ||    28
Dodge: Dodged            |    20 |    32 |    60 |    95 ||   207
